[Event "Cracovia Chess Festival A 2021"]
[Site "Cracow"]
[Date "2022.01.02"]
[Round "7.36"]
[White "Flak, Pawel"]
[Black "Matsumura, Cocoro"]
[Result "1-0"]
[ECO "E10"]
[WhiteElo "2206"]
[BlackElo "2121"]
[Annotator "ChessBase"]
[PlyCount "85"]
[EventDate "2021.12.27"]
[EventCountry "POL"]
[SourceTitle "playchess.com"]
[Source "ChessBase"]
[SourceQuality "1"]
[TimeControl "40/5400+30:1800+30"]

1. d4 Nf6 2. c4 e6 3. Nf3 d5 4. g3 Bb4+ 5. Bd2 a5 6. Bg2 O-O 7. O-O dxc4 8. Qc2 Bxd2 9. Nbxd2 b5 10. b3 cxb3 11. Qxb3 c6 12. e4 Nbd7 13. e5 Nd5 14. Ne4 N7b6 15. Qc2 Ba6 16. Neg5 g6 17. Rfd1 Qe7 18. Ne4 Rfc8 19. h4 Nd7 20. Rac1 Rab8 21. Bf1 N5b6 22. Nd6 Rc7 23. Bxb5 Bb7 24. Be2 c5 25. Qd2 a4 26. Nxb7 Rbxb7 27. Ba6 Rb8 28. Bb5 Rbc8 29. h5 c4 30. hxg6 hxg6 31. Kg2 c3 32. Qh6 Qf8 33. Qh4 a3 34. Rh1 Qg7 35. Ng5 Nd5 36. Ne4 Kf8 37. Bxd7 Rxd7 38. Qh8+ Qg8 39. Nf6 Nxf6 40. Qxf6 Rxd4 41. Rh8 Rd2 42. Rxg8+ Kxg8 43. Rh1 1-0

[Event "Cracovia Chess Festival A 2021"]
[Site "Cracow"]
[Date "2022.01.02"]
[Round "7.39"]
[White "Bombek, Peter"]
[Black "Garbowski, Jakub"]
[Result "0-1"]
[ECO "A45"]
[WhiteElo "2099"]
[BlackElo "2145"]
[Annotator "ChessBase"]
[PlyCount "98"]
[EventDate "2021.12.27"]
[EventCountry "POL"]
[SourceTitle "playchess.com"]
[Source "ChessBase"]
[SourceQuality "1"]
[TimeControl "40/5400+30:1800+30"]

1. d4 Nf6 2. Bg5 Ne4 3. Bf4 d5 4. e3 c5 5. Bd3 Nf6 6. c3 Nc6 7. Nd2 e6 8. Ngf3 h6 9. O-O Bd6 10. Bxd6 Qxd6 11. e4 dxe4 12. Nxe4 Nxe4 13. Bxe4 O-O 14. dxc5 Qxc5 15. Bxc6 Qxc6 16. Qd4 f6 17. Rfd1 e5 18. Qd6 Qxd6 19. Rxd6 Kf7 20. h3 Be6 21. Rad1 Rac8 22. R1d2 g5 23. Ne1 Ke7 24. a3 Rfd8 25. Rxd8 Rxd8 26. Rxd8 Kxd8 27. g4 f5 28. gxf5 Bxf5 29. Kh2 Ke7 30. Ng2 h5 31. h4 Kf6 32. Kg3 Be4 33. Ne3 gxh4+ 34. Kxh4 Bf3 35. a4 Be2 36. b4 Ke6 37. Kg5 Bf3 38. c4 a5 39. bxa5 Kd6 40. Kf5 h4 41. c5+ Kxc5 42. Kxe5 h3 43. Nf1 Kb4 44. Nh2 Bd1 45. Kd6 Kxa5 46. Kc7 b6 47. f4 Bxa4 48. f5 Be8 49. f6 b5 0-1

[Event "Cracovia Chess Festival A 2021"]
[Site "Cracow"]
[Date "2022.01.02"]
[Round "7.40"]
[White "Dwilewicz, Katarzyna"]
[Black "Gbyl, Andrzej"]
[Result "1-0"]
[ECO "B18"]
[WhiteElo "2100"]
[BlackElo "2228"]
[Annotator "ChessBase"]
[PlyCount "37"]
[EventDate "2021.12.27"]
[EventCountry "POL"]
[SourceTitle "playchess.com"]
[Source "ChessBase"]
[SourceQuality "1"]
[TimeControl "40/5400+30:1800+30"]

1. e4 c6 2. d4 d5 3. Nc3 dxe4 4. Nxe4 Bf5 5. Ng3 Bg6 6. Nh3 e6 7. Nf4 Bd6 8. Ngh5 Bxh5 9. Nxh5 g6 10. Ng3 Qc7 11. Qf3 Nd7 12. Ne4 Ne7 13. Bc4 Nf5 14. c3 h5 15. Nxd6+ Qxd6 16. Bf4 Qe7 17. O-O-O O-O-O 18. Qxc6+ bxc6 19. Ba6# 1-0

[Event "Cracovia Chess Festival A 2021"]
[Site "Cracow"]
[Date "2022.01.03"]
[Round "8.2"]
[White "Kozak, Antoni"]
[Black "Jarmula, Lukasz"]
[Result "0-1"]
[ECO "A06"]
[WhiteElo "2356"]
[BlackElo "2426"]
[Annotator "ChessBase"]
[PlyCount "100"]
[EventDate "2021.12.27"]
[EventCountry "POL"]
[SourceTitle "playchess.com"]
[Source "ChessBase"]
[SourceQuality "1"]
[TimeControl "40/5400+30:1800+30"]

1. Nf3 d5 2. e3 Nf6 3. c4 e6 4. b3 c5 5. Bb2 Nc6 6. cxd5 exd5 7. Be2 Bd6 8. d4 cxd4 9. Nxd4 Bb4+ 10. Bc3 Qa5 11. Qd2 Bxc3 12. Nxc3 Nxd4 13. Qxd4 O-O 14. O-O Be6 15. Rac1 Ne4 16. Qa4 Qxc3 17. Rxc3 Nxc3 18. Qb4 Nxe2+ 19. Kh1 Rfc8 20. Qxb7 Nc3 21. Rc1 Nxa2 22. Rxc8+ Rxc8 23. h3 a5 24. Qb5 Nc1 25. g4 h6 26. f4 g6 27. e4 dxe4 28. f5 Bxb3 29. Qd7 Rc3 30. Qd8+ Kh7 31. fxg6+ fxg6 32. Qe7+ Kg8 33. Qe8+ Kh7 34. Qe7+ Kg8 35. Qf6 Ne2 36. Qxg6+ Kf8 37. Qxh6+ Ke7 38. Kh2 Rf3 39. Qg5+ Ke6 40. Qxa5 Rf2+ 41. Kh1 Bd5 42. Qb6+ Ke5 43. Qe3 Nd4 44. Qg5+ Kd6 45. Qd8+ Kc5 46. Qa5+ Nb5 47. Kg1 e3 48. Qd8 Nc3 49. Qe7+ Kd4 50. Qf7 Ne2# 0-1

[Event "Cracovia Chess Festival A 2021"]
[Site "Cracow"]
[Date "2022.01.03"]
[Round "8.3"]
[White "Zylka, Stanislaw"]
[Black "Chakravarthi Reddy, M."]
[Result "1-0"]
[ECO "C13"]
[WhiteElo "2406"]
[BlackElo "2342"]
[Annotator "ChessBase"]
[PlyCount "89"]
[EventDate "2021.12.27"]
[EventCountry "POL"]
[SourceTitle "playchess.com"]
[Source "ChessBase"]
[SourceQuality "1"]
[TimeControl "40/5400+30:1800+30"]

1. e4 e6 2. d4 d5 3. Nc3 Nf6 4. Bg5 Be7 5. e5 Nfd7 6. h4 Bxg5 7. hxg5 Qxg5 8. Nf3 Qe7 9. Qd2 Nc6 10. O-O-O Nb6 11. Bd3 Bd7 12. Rh3 O-O-O 13. Rdh1 h6 14. g4 Rhf8 15. a3 f6 16. Re1 Be8 17. exf6 Qxf6 18. g5 hxg5 19. Nxg5 Qxf2 20. Nxe6 Qxd2+ 21. Kxd2 Bd7 22. Nxd8 Bxh3 23. Nxc6 bxc6 24. Re7 Rg8 25. Bh7 Nc4+ 26. Kc1 Kd8 27. Rf7 Re8 28. Kb1 g5 29. Rg7 g4 30. Na4 Re1+ 31. Ka2 Rg1 32. Bf5 Nd6 33. Be6 Ne4 34. Rd7+ Ke8 35. Rxc7 Bf1 36. Rxc6 Nf6 37. Rc7 g3 38. Nc5 Kd8 39. Rg7 Ke8 40. Bf5 Kd8 41. b3 g2 42. Kb2 a6 43. Ne6+ Kc8 44. Nf4+ Kb8 45. Bh3 1-0

[Event "Cracovia Chess Festival A 2021"]
[Site "Cracow"]
[Date "2022.01.03"]
[Round "8.4"]
[White "Pacan-Milej, Kosma"]
[Black "Leniart, Arkadiusz"]
[Result "1-0"]
[ECO "D38"]
[WhiteElo "2401"]
[BlackElo "2472"]
[Annotator "ChessBase"]
[PlyCount "79"]
[EventDate "2021.12.27"]
[EventCountry "POL"]
[SourceTitle "playchess.com"]
[Source "ChessBase"]
[SourceQuality "1"]
[TimeControl "40/5400+30:1800+30"]

1. d4 Nf6 2. c4 e6 3. Nf3 d5 4. Nc3 Bb4 5. Bg5 O-O 6. e3 h6 7. Bxf6 Qxf6 8. Qb3 c5 9. cxd5 exd5 10. dxc5 Nc6 11. Bb5 d4 12. Bxc6 dxc3 13. Qxb4 cxb2 14. Rb1 bxc6 15. O-O Ba6 16. Rfe1 Bd3 17. Rxb2 Rab8 18. Qxb8 Rxb8 19. Rb3 Rb7 20. Rxb7 Kh7 21. Rb8 Qe5 22. Nd4 Bc4 23. Rb3 Qg5 24. Nxc6 Qf6 25. h4 Bxb3 26. Nd4 Qc6 27. axb3 Qa6 28. c6 Qa3 29. Re2 Qa1+ 30. Kh2 Qa5 31. Rc2 Qc7+ 32. g3 a6 33. b4 g5 34. hxg5 hxg5 35. b5 axb5 36. Nxb5 Qc8 37. c7 Kg6 38. Nd6 Qh8+ 39. Kg2 Qa8+ 40. e4 1-0

[Event "Cracovia Chess Festival A 2021"]
[Site "Cracow"]
[Date "2022.01.03"]
[Round "8.7"]
[White "Golubka, Petro"]
[Black "Malek, Jan"]
[Result "1-0"]
[ECO "B20"]
[WhiteElo "2408"]
[BlackElo "2149"]
[Annotator "ChessBase"]
[PlyCount "53"]
[EventDate "2021.12.27"]
[EventCountry "POL"]
[SourceTitle "playchess.com"]
[Source "ChessBase"]
[SourceQuality "1"]
[TimeControl "40/5400+30:1800+30"]

1. e4 c5 2. b3 d6 3. Bb2 Nc6 4. Bb5 Bd7 5. f4 a6 6. Bxc6 Bxc6 7. Qe2 e6 8. Nf3 Nf6 9. Nc3 Be7 10. O-O-O Qc7 11. g4 b5 12. g5 Nh5 13. f5 b4 14. Na4 e5 15. Qe3 Bxa4 16. bxa4 c4 17. Kb1 Rb8 18. d4 c3 19. Bc1 Qa5 20. dxe5 Qxa4 21. Qd4 dxe5 22. Nxe5 O-O 23. Qd7 Rb5 24. Qxe7 Ra5 25. a3 bxa3 26. Rd8 Qb5+ 27. Ka2 1-0

[Event "Cracovia Chess Festival A 2021"]
[Site "Cracow"]
[Date "2022.01.03"]
[Round "8.8"]
[White "Kokoszczynski, Jan"]
[Black "Niedbala, Bartlomiej"]
[Result "1/2-1/2"]
[ECO "A36"]
[WhiteElo "2273"]
[BlackElo "2385"]
[Annotator "ChessBase"]
[PlyCount "118"]
[EventDate "2021.12.27"]
[EventCountry "POL"]
[SourceTitle "playchess.com"]
[Source "ChessBase"]
[SourceQuality "1"]
[TimeControl "40/5400+30:1800+30"]

1. c4 c5 2. Nc3 Nc6 3. g3 g6 4. Bg2 Bg7 5. d3 Nf6 6. e4 O-O 7. Nge2 d6 8. O-O a6 9. h3 Rb8 10. a4 Ne8 11. Be3 Nc7 12. Rb1 Ne6 13. Qd2 Ned4 14. Kh2 e6 15. f4 Qd7 16. Bg1 b6 17. b3 Bb7 18. Nxd4 Nxd4 19. Ne2 Nxe2 20. Qxe2 b5 21. axb5 axb5 22. Rfd1 Bd4 23. Bxd4 cxd4 24. Qf2 e5 25. f5 f6 26. h4 Kg7 27. Bh3 Bc8 28. Ra1 Rf7 29. Ra2 bxc4 30. bxc4 Rb3 31. g4 Qe7 32. Bf1 g5 33. hxg5 fxg5 34. Be2 Qb7 35. Rda1 Rb2 36. Rxb2 Qxb2 37. Ra8 Bb7 38. Re8 Bxe4 39. Kg3 Qc3 40. Qf1 Ra7 41. f6+ Kf7 42. Rd8 Bxd3 43. Bxd3 e4 44. Rxd6 exd3 45. Qh1 d2+ 46. Kg2 Qc2 47. Qh5+ Qg6 48. Qxg6+ Kxg6 49. Rxd4 Ra2 50. Kf3 Kxf6 51. Ke3 Rc2 52. Rxd2 Rxc4 53. Kf3 Rc3+ 54. Ke4 Ke6 55. Ra2 Rc4+ 56. Kf3 Kd5 57. Ra5+ Rc5 58. Rxc5+ Kxc5 59. Ke4 Kd6 1/2-1/2

[Event "Cracovia Chess Festival A 2021"]
[Site "Cracow"]
[Date "2022.01.03"]
[Round "8.9"]
[White "Cukrowski, Filip"]
[Black "Kacprzak, Kacper"]
[Result "1-0"]
[ECO "A40"]
[WhiteElo "2367"]
[BlackElo "2219"]
[Annotator "ChessBase"]
[PlyCount "46"]
[EventDate "2021.12.27"]
[EventCountry "POL"]
[SourceTitle "playchess.com"]
[Source "ChessBase"]
[SourceQuality "1"]
[TimeControl "40/5400+30:1800+30"]

1. d4 Nf6 2. c4 e6 3. g3 d5 4. Nf3 dxc4 5. Qa4+ Nbd7 6. Bg2 a6 7. Nc3 Rb8 8. Qxc4 b5 9. Qd3 Bb7 10. O-O Be7 11. Bf4 Rc8 12. Rfd1 O-O 13. Ne5 Bxg2 14. Kxg2 c5 15. dxc5 Nxc5 16. Qf3 Qb6 17. b4 Na4 18. Nxa4 bxa4 19. Bg5 Qb5 20. Bxf6 Bxf6 21. Nd7 Bxa1 22. Nxf8 Kxf8 23. Rxa1 Qxb4 1-0

[Event "Cracovia Chess Festival A 2021"]
[Site "Cracow"]
[Date "2022.01.03"]
[Round "8.10"]
[White "Pniaczek, Marek"]
[Black "Turski, Bartlomiej"]
[Result "1/2-1/2"]
[ECO "B62"]
[WhiteElo "2329"]
[BlackElo "2114"]
[Annotator "ChessBase"]
[PlyCount "124"]
[EventDate "2021.12.27"]
[EventCountry "POL"]
[SourceTitle "playchess.com"]
[Source "ChessBase"]
[SourceQuality "1"]
[TimeControl "40/5400+30:1800+30"]

1. e4 c5 2. Nf3 d6 3. d4 cxd4 4. Nxd4 Nf6 5. Nc3 Nc6 6. Bg5 e6 7. Qd3 Be7 8. O-O-O O-O 9. h4 Qb6 10. f3 Qxd4 11. Qxd4 Nxd4 12. Rxd4 Rd8 13. Be2 Bd7 14. Rhd1 Bc6 15. g4 Kf8 16. Be3 d5 17. g5 Nh5 18. exd5 exd5 19. Rg4 f5 20. gxf6 Bxf6 21. Nb5 Re8 22. Bc5+ Kg8 23. Bd3 Bd7 24. Rgg1 Be5 25. Nd6 Rf8 26. Nxb7 Rxf3 27. Be2 Rf5 28. Bg4 Nf4 29. Bxf5 Bxf5 30. Rge1 Bf6 31. Be7 Rc8 32. c3 Nd3+ 33. Rxd3 Bxd3 34. Bxf6 gxf6 35. Kd2 Bg6 36. Re7 d4 37. cxd4 Kf8 38. Re2 Rb8 39. Nd6 Rxb2+ 40. Ke3 Rb6 41. Nc8 Re6+ 42. Kd2 Ra6 43. Ke1 Bf5 44. Ne7 Be6 45. d5 Kxe7 46. Kf2 Kf7 47. dxe6+ Rxe6 48. Rc2 Ra6 49. Kg3 Kg6 50. Rf2 Ra3+ 51. Kg4 h5+ 52. Kf4 Rh3 53. Rg2+ Kf7 54. Rc2 Rxh4+ 55. Kf5 Ra4 56. Rc7+ Ke8 57. Kxf6 Rxa2 58. Rh7 Ra5 59. Ke6 Kf8 60. Kf6 Ra6+ 61. Kg5 Ra1 62. Kf6 Ra6+ 1/2-1/2

[Event "Cracovia Chess Festival A 2021"]
[Site "Cracow"]
[Date "2022.01.03"]
[Round "8.11"]
[White "Georgakopoulos, Nikolaos K."]
[Black "Chylewski, Patryk"]
[Result "0-1"]
[ECO "C77"]
[WhiteElo "2159"]
[BlackElo "2303"]
[Annotator "ChessBase"]
[PlyCount "102"]
[EventDate "2021.12.27"]
[EventCountry "POL"]
[SourceTitle "playchess.com"]
[Source "ChessBase"]
[SourceQuality "1"]
[TimeControl "40/5400+30:1800+30"]

1. e4 e5 2. Nf3 Nc6 3. Bb5 a6 4. Ba4 Nf6 5. d3 b5 6. Bb3 Be7 7. a4 Rb8 8. axb5 axb5 9. O-O O-O 10. Re1 d6 11. h3 h6 12. c3 Re8 13. Nbd2 Bf8 14. d4 Bb7 15. Bc2 Ra8 16. Rxa8 Qxa8 17. d5 Nb8 18. b3 Nbd7 19. c4 Ba6 20. Ba3 Nb6 21. Qe2 c6 22. Bd3 bxc4 23. bxc4 cxd5 24. cxd5 Bxd3 25. Qxd3 Qa4 26. Rb1 Nfd7 27. Qb3 Qa6 28. Rc1 Ra8 29. Bb4 Qe2 30. Qb1 Na4 31. Rc7 Nac5 32. Qe1 Qb5 33. Bc3 Nf6 34. Kh2 Ra4 35. Nh4 Ncxe4 36. Nf5 g6 37. Ne3 Nxd5 38. Nxd5 Qxd5 39. Nxe4 Qxe4 40. Qd1 Qf4+ 41. Kg1 Ra2 42. Be1 Qe4 43. Kh2 Re2 44. Qb3 Qf4+ 45. g3 Qf5 46. Qc3 h5 47. h4 Bh6 48. Qb4 Rxf2+ 49. Bxf2 Qxf2+ 50. Kh3 Qf1+ 51. Kh2 Be3 0-1

[Event "Cracovia Chess Festival A 2021"]
[Site "Cracow"]
[Date "2022.01.03"]
[Round "8.12"]
[White "Dzida, Kamil"]
[Black "Lewtak, Damian"]
[Result "0-1"]
[ECO "B15"]
[WhiteElo "2238"]
[BlackElo "2383"]
[Annotator "ChessBase"]
[PlyCount "120"]
[EventDate "2021.12.27"]
[EventCountry "POL"]
[SourceTitle "playchess.com"]
[Source "ChessBase"]
[SourceQuality "1"]
[TimeControl "40/5400+30:1800+30"]

1. e4 c6 2. d4 d5 3. Nc3 g6 4. h3 dxe4 5. Nxe4 Bg7 6. c3 Nd7 7. Bd3 Ngf6 8. Nf3 Nxe4 9. Bxe4 O-O 10. O-O e5 11. dxe5 Nxe5 12. Nxe5 Bxe5 13. Bh6 Re8 14. Qxd8 Rxd8 15. Rfe1 Bf6 16. Rad1 Be6 17. Bb1 a5 18. Bc2 Bxa2 19. Rxd8+ Rxd8 20. Ra1 Bc4 21. Rxa5 Bg7 22. Be3 h5 23. h4 Bf6 24. g3 Bd5 25. Bd1 b5 26. Be2 Rb8 27. Bc5 Kg7 28. f3 Rd8 29. Kf2 Be6 30. Be3 Re8 31. Ra1 Bd5 32. Rd1 Rb8 33. Bd4 b4 34. Bxf6+ Kxf6 35. Rd4 bxc3 36. bxc3 Ke5 37. Ke3 Rb3 38. Kd2 Rb1 39. g4 hxg4 40. fxg4 f5 41. h5 gxh5 42. gxh5 Rh1 43. Rb4 Rh2 44. Ke1 Be4 45. Rb8 Kf4 46. Rg8 Bd5 47. Rg7 Ke3 48. Rg3+ Ke4 49. Rg6 c5 50. Rg7 Ke3 51. Rg3+ Kf4 52. Rg7 c4 53. Rd7 Be4 54. Rg7 Bf3 55. Bxc4 Ke3 56. Kf1 Rh1+ 57. Rg1 Rxh5 58. Rg7 Rh1+ 59. Rg1 Rh4 60. Bb5 Rh2 0-1

[Event "Cracovia Chess Festival A 2021"]
[Site "Cracow"]
[Date "2022.01.03"]
[Round "8.13"]
[White "Vardanyan, Aras"]
[Black "Karolczuk, Iwo"]
[Result "1/2-1/2"]
[ECO "E70"]
[WhiteElo "2222"]
[BlackElo "2357"]
[Annotator "ChessBase"]
[PlyCount "111"]
[EventDate "2021.12.27"]
[EventCountry "POL"]
[SourceTitle "playchess.com"]
[Source "ChessBase"]
[SourceQuality "1"]
[TimeControl "40/5400+30:1800+30"]

1. d4 Nf6 2. c4 g6 3. Nc3 Bg7 4. e4 O-O 5. h3 c6 6. Nf3 d5 7. e5 Ne4 8. Bd3 Nxc3 9. bxc3 dxc4 10. Bxc4 c5 11. O-O Nc6 12. Ba3 cxd4 13. cxd4 Na5 14. Bd3 Be6 15. Qe2 Nc6 16. Qe3 Bd5 17. Be4 f5 18. Bxd5+ Qxd5 19. Rfc1 f4 20. Qd2 Rad8 21. Rxc6 bxc6 22. Bxe7 Bxe5 23. Bxf8 Kxf8 24. Rd1 Bd6 25. Qe2 Re8 26. Qc2 Rc8 27. h4 Kg7 28. Rc1 Rc7 29. a4 c5 30. dxc5 Rxc5 31. Qb2+ Be5 32. Qb1 Rxc1+ 33. Qxc1 h6 34. Qc8 a5 35. h5 Bd6 36. Qd7+ Kf6 37. Qd8+ Kg7 38. hxg6 Kxg6 39. Qd7 Qd1+ 40. Kh2 Qd5 41. Nh4+ Kf6 42. Qd8+ Kf7 43. Qd7+ Kf6 44. Qe8 Qg5 45. Qh8+ Ke6 46. Qc8+ Kd5 47. Nf3 Qh5+ 48. Kg1 Bb4 49. Qb8 Qf7 50. Qb5+ Kd6 51. Qb6+ Kd5 52. Qxh6 Qf5 53. Qh8 Kc4 54. Qd4+ Kb3 55. Qa1 Bc3 56. Nd4+ 1/2-1/2

[Event "Cracovia Chess Festival A 2021"]
[Site "Cracow"]
[Date "2022.01.03"]
[Round "8.14"]
[White "Danielyan, Vahe"]
[Black "Luczak, Filip"]
[Result "1-0"]
[ECO "C16"]
[WhiteElo "2332"]
[BlackElo "2273"]
[Annotator "ChessBase"]
[PlyCount "99"]
[EventDate "2021.12.27"]
[EventCountry "POL"]
[SourceTitle "playchess.com"]
[Source "ChessBase"]
[SourceQuality "1"]
[TimeControl "40/5400+30:1800+30"]

1. e4 e6 2. d4 d5 3. Nc3 Bb4 4. e5 Qd7 5. a3 Bxc3+ 6. bxc3 b6 7. Nf3 Ba6 8. Bxa6 Nxa6 9. a4 Nb8 10. O-O Nc6 11. Ba3 Na5 12. Nd2 Nh6 13. f4 Nf5 14. Qe2 h5 15. Bb4 Nc6 16. Ba3 Na5 17. Rfb1 Qc6 18. Bb4 Nc4 19. Nxc4 dxc4 20. a5 b5 21. a6 Qd5 22. Kf2 c6 23. Bc5 Kd7 24. g3 Kc7 25. Rg1 g6 26. Qf3 Qxf3+ 27. Kxf3 Kd7 28. h3 Ne7 29. Ke2 Nd5 30. Kd2 Rh7 31. Rgf1 Nb6 32. Ke2 Rb8 33. Rf3 Rd8 34. Raf1 Na4 35. Bb4 Kc8 36. g4 hxg4 37. hxg4 c5 38. Ba5 Rd5 39. f5 gxf5 40. gxf5 cxd4 41. cxd4 Rxd4 42. fxe6 Re4+ 43. Kf2 f5 44. exf6 Nc5 45. f7 Nxe6 46. Rd1 Rh2+ 47. Kg1 Rh8 48. f8=Q+ Rxf8 49. Rxf8+ Nxf8 50. Rd8# 1-0

[Event "Cracovia Chess Festival A 2021"]
[Site "Cracow"]
[Date "2022.01.03"]
[Round "8.15"]
[White "Tsaknakis, Zisis"]
[Black "Karsay, Pascal"]
[Result "1-0"]
[ECO "C95"]
[WhiteElo "2202"]
[BlackElo "2322"]
[Annotator "ChessBase"]
[PlyCount "105"]
[EventDate "2021.12.27"]
[EventCountry "POL"]
[SourceTitle "playchess.com"]
[Source "ChessBase"]
[SourceQuality "1"]
[TimeControl "40/5400+30:1800+30"]

1. e4 e5 2. Nf3 Nc6 3. Bb5 a6 4. Ba4 Nf6 5. O-O Be7 6. Re1 b5 7. Bb3 d6 8. c3 O-O 9. h3 Nb8 10. d4 Nbd7 11. Nbd2 Bb7 12. Bc2 c5 13. d5 c4 14. Nf1 Qc7 15. Ng3 g6 16. Bd2 Nc5 17. b4 cxb3 18. axb3 a5 19. b4 axb4 20. cxb4 Rxa1 21. Qxa1 Ncxe4 22. Bxe4 Nxe4 23. Nxe4 Bxd5 24. Qc3 Qb7 25. Qd3 f6 26. Bh6 Rd8 27. Nh4 f5 28. Ng5 Bc4 29. Qg3 Qd7 30. f4 Bf6 31. Ngf3 Bf7 32. Bg5 Bxg5 33. Qxg5 Re8 34. Kh1 exf4 35. Rxe8+ Bxe8 36. Nd4 Qg7 37. Qxf4 g5 38. Qe3 Bd7 39. Nhxf5 Qf6 40. Qe4 Qe5 41. Qa8+ Kf7 42. Qa2+ Kf6 43. Qf2 Bxf5 44. g4 Qe4+ 45. Kg1 Ke5 46. gxf5 Kf6 47. Nxb5 Qxb4 48. Qd4+ Qxd4+ 49. Nxd4 h5 50. Kg2 d5 51. Kf3 Ke5 52. Kg3 Kf6 53. h4 1-0

[Event "Cracovia Chess Festival A 2021"]
[Site "Cracow"]
[Date "2022.01.03"]
[Round "8.16"]
[White "Mis, Mieszko"]
[Black "Sharma Isha"]
[Result "1/2-1/2"]
[ECO "A45"]
[WhiteElo "2417"]
[BlackElo "2200"]
[Annotator "ChessBase"]
[PlyCount "89"]
[EventDate "2021.12.27"]
[EventCountry "POL"]
[SourceTitle "playchess.com"]
[Source "ChessBase"]
[SourceQuality "1"]
[TimeControl "40/5400+30:1800+30"]

1. d4 Nf6 2. Bg5 d5 3. e3 c5 4. Bxf6 gxf6 5. dxc5 e6 6. Nc3 Bxc5 7. Qh5 f5 8. O-O-O Qf6 9. Nge2 Bd7 10. Nf4 Bc6 11. Nfxd5 exd5 12. Nxd5 Bxd5 13. Rxd5 Be7 14. Bc4 Qg6 15. Qxf5 O-O 16. Qxg6+ hxg6 17. Rb5 Nc6 18. Rxb7 Rab8 19. Rxb8 Rxb8 20. Rd1 Bf6 21. c3 Kg7 22. h3 Rc8 23. Bb3 Rc7 24. a3 Kf8 25. Kc2 Ke7 26. Bd5 Na5 27. Rd3 Nc4 28. Bxc4 Rxc4 29. Rd5 Rc7 30. Ra5 Kd7 31. e4 Ke6 32. f4 Bh4 33. Kd3 Rd7+ 34. Ke2 Bg3 35. Ke3 Rb7 36. b4 Rc7 37. f5+ gxf5 38. exf5+ Kf6 39. Kd3 Be5 40. c4 Kxf5 41. c5 f6 42. Ke3 Ke6 43. Ke4 f5+ 44. Kf3 Rh7 45. b5 1/2-1/2

[Event "Cracovia Chess Festival A 2021"]
[Site "Cracow"]
[Date "2022.01.03"]
[Round "8.17"]
[White "Godzwon, Iwo"]
[Black "Meurs, Tom"]
[Result "1/2-1/2"]
[ECO "C60"]
[WhiteElo "2352"]
[BlackElo "2208"]
[Annotator "ChessBase"]
[PlyCount "83"]
[EventDate "2021.12.27"]
[EventCountry "POL"]
[SourceTitle "playchess.com"]
[Source "ChessBase"]
[SourceQuality "1"]
[TimeControl "40/5400+30:1800+30"]

1. e4 e5 2. Nf3 Nc6 3. Bb5 Nge7 4. Nc3 Ng6 5. d4 Nxd4 6. Nxd4 exd4 7. Qxd4 c6 8. Be2 Qb6 9. Qd3 Be7 10. O-O O-O 11. a3 d6 12. Be3 Qc7 13. Rad1 Kh8 14. Qd2 f5 15. f4 fxe4 16. Nxe4 d5 17. Ng3 Bd6 18. Nh5 Bf5 19. c4 Be4 20. c5 Be7 21. Bd4 Rf7 22. Bg4 Nf8 23. Qc3 Bd8 24. f5 Kg8 25. Be5 Qd7 26. h3 Bxf5 27. Rxf5 Rxf5 28. Ng3 Rxe5 29. Bxd7 Nxd7 30. Rf1 Bg5 31. Kh2 Be3 32. b4 Rae8 33. Nf5 Bg5 34. Qg3 Bf6 35. Qg4 R5e6 36. Kg1 Ne5 37. Qg3 Nc4 38. Nh6+ Kh8 39. Ng4 Bd4+ 40. Kh1 Ne3 41. Nxe3 Rxe3 42. Qc7 1/2-1/2

[Event "Cracovia Chess Festival A 2021"]
[Site "Cracow"]
[Date "2022.01.03"]
[Round "8.18"]
[White "Suder, Jakub"]
[Black "Stanisz, Patryk"]
[Result "1/2-1/2"]
[ECO "D10"]
[WhiteElo "2349"]
[BlackElo "2158"]
[Annotator "ChessBase"]
[PlyCount "51"]
[EventDate "2021.12.27"]
[EventCountry "POL"]
[SourceTitle "playchess.com"]
[Source "ChessBase"]
[SourceQuality "1"]
[TimeControl "40/5400+30:1800+30"]

1. d4 d5 2. c4 c6 3. cxd5 cxd5 4. Bg5 Qb6 5. Nc3 Nc6 6. Qd2 f6 7. Bf4 Qxd4 8. Nxd5 e5 9. Nf3 Qxd2+ 10. Bxd2 Bd6 11. e4 Nge7 12. Bc4 Bg4 13. Bc3 O-O-O 14. Rc1 Kb8 15. a3 Nxd5 16. Bxd5 Ne7 17. Bb3 Bxf3 18. gxf3 g5 19. Ke2 Bc7 20. Bd2 Bb6 21. Be3 Bd4 22. Rc2 Ng6 23. Rhc1 Nf4+ 24. Bxf4 exf4 25. Be6 Be5 26. b3 1/2-1/2

[Event "Cracovia Chess Festival A 2021"]
[Site "Cracow"]
[Date "2022.01.03"]
[Round "8.20"]
[White "Mika, Tomasz"]
[Black "Seemann, Jakub"]
[Result "0-1"]
[ECO "D00"]
[WhiteElo "2183"]
[BlackElo "2312"]
[Annotator "ChessBase"]
[PlyCount "112"]
[EventDate "2021.12.27"]
[EventCountry "POL"]
[SourceTitle "playchess.com"]
[Source "ChessBase"]
[SourceQuality "1"]
[TimeControl "40/5400+30:1800+30"]

1. d4 d5 2. Bf4 Nf6 3. e3 c5 4. Nf3 Nc6 5. Nbd2 cxd4 6. exd4 Bf5 7. c3 e6 8. Be2 Bd6 9. Bxd6 Qxd6 10. O-O O-O 11. Re1 Ne4 12. g3 h6 13. Nxe4 Bxe4 14. Bd3 Bxd3 15. Qxd3 Rab8 16. Ne5 b5 17. a3 a5 18. f4 Ne7 19. Rf1 h5 20. Nf3 g6 21. Rfe1 Nf5 22. Kg2 Kg7 23. h3 h4 24. g4 Qxf4 25. Ne5 Ng3 26. Nd7 Ne4 27. Rf1 Qc7 28. Nxf8 Rxf8 29. Rf3 Rb8 30. Raf1 f5 31. gxf5 exf5 32. Rf4 b4 33. cxb4 axb4 34. a4 b3 35. Qe3 Qc2+ 36. R1f2 Qc6 37. Rxh4 Qf6 38. Qh6+ Kf7 39. Qh7+ Ke6 40. Rxe4+ dxe4 41. Qc7 Rd8 42. Qc4+ Ke7 43. Qxb3 Qxd4 44. Rc2 f4 45. Rc7+ Kd6 46. Rc4 Qd2+ 47. Kf1 Qd3+ 48. Qxd3+ exd3 49. Ke1 Ke5 50. Kd2 f3 51. Rc7 Rf8 52. Rc1 f2 53. Rf1 Kd4 54. a5 Rc8 55. Rxf2 Rc2+ 56. Ke1 Ke3 0-1

[Event "Cracovia Chess Festival A 2021"]
[Site "Cracow"]
[Date "2022.01.03"]
[Round "8.21"]
[White "Koziorowicz, Michal"]
[Black "Raczynski, Krzysztof"]
[Result "1-0"]
[ECO "B52"]
[WhiteElo "2309"]
[BlackElo "2194"]
[Annotator "ChessBase"]
[PlyCount "71"]
[EventDate "2021.12.27"]
[EventCountry "POL"]
[SourceTitle "playchess.com"]
[Source "ChessBase"]
[SourceQuality "1"]
[TimeControl "40/5400+30:1800+30"]

1. e4 c5 2. Nf3 d6 3. Bb5+ Bd7 4. Bxd7+ Qxd7 5. O-O Nf6 6. Re1 Nc6 7. c3 e6 8. d4 cxd4 9. cxd4 d5 10. e5 Ne4 11. Nbd2 Nxd2 12. Bxd2 Be7 13. Rc1 O-O 14. a3 Rac8 15. Rc3 b5 16. Rd3 a5 17. h4 Rc7 18. Ng5 Bxg5 19. hxg5 g6 20. g4 Rfc8 21. Kg2 b4 22. Qf3 Qe7 23. Rh1 Nd8 24. Qf6 Qxf6 25. gxf6 Kf8 26. axb4 Rc2 27. Rxh7 Ke8 28. b3 axb4 29. Bxb4 Nc6 30. Bc5 Nxe5 31. dxe5 R2xc5 32. Rd4 Rb5 33. Ra4 Rb7 34. Ra6 Rd8 35. Rh8+ Kd7 36. Rd6+ 1-0

[Event "Cracovia Chess Festival A 2021"]
[Site "Cracow"]
[Date "2022.01.03"]
[Round "8.23"]
[White "Piekielny, Pawel"]
[Black "Warakomska, Anna"]
[Result "0-1"]
[ECO "B48"]
[WhiteElo "2104"]
[BlackElo "2276"]
[Annotator "ChessBase"]
[PlyCount "70"]
[EventDate "2021.12.27"]
[EventCountry "POL"]
[SourceTitle "playchess.com"]
[Source "ChessBase"]
[SourceQuality "1"]
[TimeControl "40/5400+30:1800+30"]

1. e4 c5 2. Nf3 e6 3. d4 cxd4 4. Nxd4 Nc6 5. Nc3 Qc7 6. Be3 a6 7. Qd2 Nf6 8. O-O-O Be7 9. f3 b5 10. g4 Nxd4 11. Bxd4 Bb7 12. g5 Nh5 13. Kb1 O-O 14. Bd3 Nf4 15. Ne2 Nxd3 16. cxd3 e5 17. Rc1 Qb8 18. Bc5 d6 19. Bb6 Rc8 20. h4 d5 21. Rxc8+ Qxc8 22. Ng3 Qe6 23. Nf5 Bf8 24. Ba5 Rc8 25. Bb4 dxe4 26. dxe4 Bxe4+ 27. fxe4 Qc4 28. Qg2 Qd3+ 29. Ka1 Bxb4 30. Qg4 Qc2 31. Rb1 Rc4 32. a3 Bxa3 33. bxa3 Rc3 34. Nh6+ Kf8 35. Qd1 Rxa3# 0-1